 Dungeon Crawl Stone Soup version 0.19.5 (webtiles) character file.

82 Santreim the Sneak (level 4, -2/34 HPs)
             Began as a Vampire Assassin on Mar 20, 2017.
             Slain by a worm (8 damage)
             ... on level 3 of the Dungeon.
             The game lasted 00:06:48 (1862 turns).

Santreim the Sneak (Vampire Assassin)               Turns: 1862, Time: 00:06:49

Health: -2/34      AC:  5    Str: 10    XL:     4   Next: 21%
Magic:  5/5        EV: 12    Int: 13    God:
Gold:   82         SH:  0    Dex: 16    Spells: 0 memorised, 4 levels left

rFire  . . .     SeeInvis +     a - +2 dagger
rCold  + . .     Gourm    .     o - +0 leather armour
rNeg   + + .     Faith    .     (no shield)
rPois  +         Spirit   .     i - +0 helmet
rElec  .         Reflect  .     d - +0 cloak
rCorr  .         Harm     .     (no gloves)
MR     .....                    (no boots)
Stlth  ++++......               (no amulet)
                                (no ring)
                                (no ring)

@: regenerating slowly
A: fangs 3, see invisible, unbreathing
a: Bat Form


You were on level 3 of the Dungeon.
You were thirsty.

You visited 1 branch of the dungeon, and saw 3 of its levels.

You collected 82 gold pieces.

Inventory:

Hand Weapons
 a - a +2 dagger (weapon)
 b - a +0 blowgun
 r - a +0 dagger
 s - a +0 short sword
Missiles
 e - 8 poisoned needles
 f - 2 curare-tipped needles
Armour
 c - a +0 robe
 d - a +0 cloak (worn)
 i - a +0 helmet (worn)
 o - a +0 leather armour (worn)
Jewellery
 k - an uncursed amulet of harm {unknown}
Scrolls
 j - a scroll of identify {unknown}
 m - a scroll of enchant weapon {unknown}
 n - a scroll of enchant armour {unknown}
 q - a scroll of recharging {unknown}
 t - a scroll of fear {unknown}
Potions
 g - 15 potions of blood
 h - a potion of berserk rage {unknown}
 l - a potion of heal wounds {unknown}
 p - 2 potions of invisibility {unknown}


   Skills:
 + Level 2.4 Fighting
 + Level 2.5 Short Blades
 - Level 1.7 Throwing
 + Level 2.1 Dodging
 + Level 6.9 Stealth
 + Level 0.8 Spellcasting


You had 4 spell levels left.
You didn't know any spells.

Dungeon Overview and Level Annotations

Branches:
Dungeon (3/15)

Altars:

Annotations:
D:3 Shoikan's ghost, amateur MiBe


Innate Abilities, Weirdness & Mutations

You heal slowly.
You have razor-sharp teeth.
You have supernaturally acute eyesight. (SInv)
You can survive without breathing.


Message History

Shoikan's ghost hits you!
* * * LOW HITPOINT WARNING * * *
A rat comes into view.
Found 17 arrows.
A quokka comes into view.
The quokka barely misses you.
Shoikan's ghost says, "Crushing you to a pulp will hurt a lot.
After that?
Painless!
I promise!"
The quokka bites you but does no damage.
Shoikan's ghost hits you but does no damage.
The quokka barely misses you.
You hit the worm.
The worm is lightly wounded.
The quokka bites you.
* * * LOW HITPOINT WARNING * * *
You hit the worm.
The worm is moderately wounded.
The quokka bites you.
* * * LOW HITPOINT WARNING * * *
The worm bites you!
You die...

. ............... #.
...............
.#.#...............
...... .........#
##..#####.......#
#...w.......#
..###........##.#######
.......#..#w#........#
###..>...#@#........#
#........#r#........#
#.#.#.#..#W...r.....#
#........###.(......#
###.####.# ##########
#.# #.###### ........#
#.#....############
...######
#.#.##.......##...#.
####.#.##.......##...##


You could see a worm, Shoikan's ghost and a quokka.

Vanquished Creatures
  5 adders
  2 dart slugs (D:2)
  A leopard gecko (D:2)
  A giant cockroach (D:1)
  3 goblins (D:2)
  5 hobgoblins
  3 jackals (D:2)
  A quokka (D:2)
  4 bats
  2 frilled lizards
  3 kobolds
  3 rats
33 creatures vanquished.

Notes
Turn   | Place    | Note
-------+----------+-------------------------------------------
     0 | D:1      | Santreim the Vampire Assassin began the quest for the Orb.
     0 | D:1      | Reached XP level 1. HP: 16/16 MP: 1/1
    35 | D:1      | Reached skill level 6 in Stealth
   423 | D:2      | Reached XP level 2. HP: 22/22 MP: 2/2
   750 | D:2      | Reached XP level 3. HP: 20/27 MP: 3/3
  1780 | D:3      | Reached XP level 4. HP: 34/34 MP: 5/5
  1835 | D:3      | Noticed Shoikan's ghost (amateur MiBe)
  1862 | D:3      | Slain by a worm

Skill      XL: |  1  2  3 |
---------------+----------+-----
Stealth        | 6 |  6.9
Fighting       | 2 |  2.4
Dodging        | 2 |  2.1
Short Blades   | |  2.5
Throwing       | |  1.7
Spellcasting   | |  0.8

Action                   |  1- 3 |  4- 6 || total
-------------------------+-------+-------++-------
Melee: Dagger            |    81 |    11 ||    92
       Bite              |     6 |       ||     6
       Unarmed           |    16 |       ||    16
 Abil: End Transformatio |     1 |       ||     1
       Bat Form          |     1 |       ||     1
  Use: Potion            |     1 |       ||     1
 Stab: Sleeping          |    14 |     2 ||    16
Armor: Robe              |    12 |       ||    12
       Leather armour    |     4 |     2 ||     6
Dodge: Dodged            |    37 |     4 ||    41
